 Dungeon Crawl Stone Soup version 0.26.0-10-g1f06aea511 (webtiles) character file.

Game seed: 17291573176481375227

193 gruber the Stinger (level 5, -2/40 HPs)
             Began as a Draconian Venom Mage on Jan 14, 2021.
             Slain by a lemure (4 damage)
             ... led by Pikel
             ... on level 4 of the Dungeon.
             The game lasted 00:04:50 (4916 turns).

gruber the Stinger (Draconian Venom Mage)           Turns: 4916, Time: 00:04:50

Health: -2/40      AC:  5    Str: 11    XL:     5   Next: 44%
Magic:  17/17      EV: 12    Int: 16    God:
Gold:   246        SH:  0    Dex: 11    Spells: 0/8 levels left

rFire    + . .     SeeInvis .   i - +1 dagger (venom)
rCold    + . .     Faith    .   (no shield)
rNeg     . . .     Spirit   .   (armour unavailable)
rPois    +         Reflect  .   (helmet restricted)
rElec    +         Harm     .   (no cloak)
rCorr    +         Rampage  .   (no gloves)
Will     .....                  (no boots)
Stlth    ++........             (no amulet)
HPRegen  0.13/turn              f - ring of wizardry
MPRegen  0.15/turn              n - ring of magical power

@: brilliant, resistant
A: unfitting armour, cold-blooded, AC +5
a: no special abilities


You were on level 4 of the Dungeon.
You visited 1 branch of the dungeon, and saw 5 of its levels.

You collected 246 gold pieces.

Inventory:

Hand Weapons
 i - a +1 dagger of venom (weapon)
Jewellery
 f - a ring of wizardry (left hand)
 l - an uncursed ring of flight
 n - a ring of magical power (right hand)
Wands
 o - a wand of digging (3)
Scrolls
 b - 3 scrolls of immolation {unknown}
 h - 2 scrolls of identify {unknown}
 j - a scroll of fog {unknown}
 k - 2 scrolls of enchant armour {unknown}
 m - a scroll of amnesia {unknown}
Potions
 c - a potion of resistance
 d - a potion of brilliance
 e - a potion of degeneration {unknown}
 g - a potion of might {unknown}


   Skills:
 * Level 1.4 Fighting
 - Level 1.7 Dodging
 - Level 1.7 Stealth
 - Level 2.0 Spellcasting
 - Level 1.0 Transmutations
 - Level 6.0 Poison Magic


You couldn't memorise any spells.
You knew the following spells:

 Your Spells              Type           Power        Failure   Level
a - Sting                 Tmut/Pois      76%          1%          1
b - Olgreb's Toxic Radia  Pois           31%          7%          4
c - Ignite Poison         Fire/Tmut/Pois 13%          10%         3

Your spell library contained the following spells:

 Spells                   Type           Power        Failure   Level
 Poisonous Vapours        Pois/Air       32%          3%          2
 Mephitic Cloud           Conj/Pois/Air  12%          11%         3


Dungeon Overview and Level Annotations

Branches:
Dungeon (5/15)
 Temple: D:4-7

Altars:
Cheibriados
Okawaru
Yredelemnul

Annotations:
D:5 Pikel


Innate Abilities, Weirdness & Mutations

Your plain brown scales are hard. (AC +5)
You cannot fit into any form of body armour.
You are cold-blooded and may be slowed by cold attacks.


Message History

The puff of frost hits you.
* * * LOW HITPOINT WARNING * * *
The white imp gestures at you. The puff of frost hits you!
* * * LOW HITPOINT WARNING * * *
A jackal skeleton comes into view.
Found a spear.
You see here a +0 trident.
The white imp disappears for a moment.
It was a potion of resistance.
You feel protected. The lemure hits you but does no damage.
The white imp gestures at you. The puff of frost misses you.
It was a potion of brilliance.
You feel clever all of a sudden. The lemure hits you.
* * * LOW HITPOINT WARNING * * *
It was a potion of magic.
Magic courses through your body. The lemure hits you.
You die...

#............#
#...>.......#
#####.......##
###...$..#
##.5...# #.....##
. .##...)..# ...
..........##.....
.........5@.....$.
........Z.........
).................
..................
...<.......#......
.$#......##......
...(..### ......
.....# ......


You could see a lemure (poisoned), a white imp and a jackal skeleton.

Vanquished Creatures
  An iguana (D:3)
  Robin (D:1)
  A gnoll (D:1)
  4 adders
  An ufetubus (D:5)
  An ooze (D:1)
  2 worms
  A dart slug (D:3)
  A leopard gecko (D:4)
  5 orcs
  A ball python (D:1)
  5 giant cockroaches
  2 gnoll zombies (D:3)
  14 goblins
  9 hobgoblins
  5 jackals (D:1)
  11 kobolds
  2 quokkas
  7 bats
  2 frilled lizards
  7 rats
83 creatures vanquished.

Notes
Turn   | Place    | Note
-------+----------+-------------------------------------------
     0 | D:1      | gruber the Draconian Venom Mage began the quest for the
                  | Orb.
     0 | D:1      | Reached XP level 1. HP: 14/14 MP: 3/3
   382 | D:1      | Reached XP level 2. HP: 20/20 MP: 0/5
   814 | D:1      | Reached skill level 4 in Poison Magic
  1102 | D:1      | Reached XP level 3. HP: 26/26 MP: 4/6
  1610 | D:2      | Noticed Robin
  1782 | D:1      | Killed Robin
  2010 | D:2      | Reached XP level 4. HP: 30/33 MP: 2/7
  2153 | D:2      | Reached skill level 5 in Poison Magic
  3677 | D:3      | Found a basalt altar of Yredelemnul.
  3927 | D:3      | Reached XP level 5. HP: 37/38 MP: 8/8
  4027 | D:3      | Reached skill level 6 in Poison Magic
  4427 | D:4      | Found a snail-covered altar of Cheibriados.
  4656 | D:4      | Noticed a phantom
  4715 | D:5      | Entered Level 5 of the Dungeon
  4720 | D:5      | Reached skill level 1 in Fighting
  4858 | D:5      | Noticed a lemure
  4858 | D:5      | Noticed Pikel
  4859 | D:5      | Noticed a lemure
  4859 | D:5      | Noticed a lemure
  4880 | D:5      | Found an iron altar of Okawaru.
  4890 | D:4      | Learned a level 4 spell: Olgreb's Toxic Radiance
  4894 | D:4      | Learned a level 3 spell: Ignite Poison
  4909 | D:4      | HP: 2/40 [white imp/puff of frost (8)]
  4915 | D:4      | HP: 2/40 [lemure[Pikel] (1)]
  4916 | D:4      | Slain by a lemure

Illustrated notes

Levels and vault maps discovered:
D:1:      dpeg_arrival_signposts, layout_basic, minmay_misc_feat_ornament,
          chequers_decorated_corner
D:2:      layout_loops_corners, minmay_misc_feat_rows,
          kennysheep_generic_room_12, uniq_robin
D:3:      layout_basic, lemuel_zombie_altar_yredelemnul
D:4:      layout_cave_pods, lemuel_doored_altar,
          nicolae_qazlal_style_of_elements
D:5:      layout_basic, okawaru_gym_becter, lemuel_crystal_altar, uniq_pikel,
          uniq_sigmund, uniq_ijyb

Skill      XL: |  1  2  3  4  5 |
---------------+----------------+-----
Poison Magic   | 4 5 6 |  6.0
Fighting       | 1 |  1.4
Dodging        | |  1.7
Stealth        | |  1.7
Spellcasting   | |  2.0
Transmutations | |  1.0

Action                   |  1- 3 |  4- 6 || total
-------------------------+-------+-------++-------
Melee: Unarmed           |   113 |     5 ||   118
       Tailslap          |    10 |    13 ||    23
       Dagger            |       |    99 ||    99
 Cast: Sting             |    53 |    46 ||    99
  Use: Potion            |       |     3 ||     3
 Stab: Sleeping          |     1 |     2 ||     3
Armor: Skin              |    55 |    34 ||    89
Dodge: Dodged            |   107 |    95 ||   202
